 Dungeon Crawl Stone Soup version 0.21.1-1-g345015fe64 (webtiles) character file.

89 HypnoRock the Chopper (level 4, 0/33 HPs)
             Began as a Demonspawn Gladiator on June 10, 2018.
             Succumbed to Robin's poison
             ... on level 3 of the Dungeon.
             The game lasted 00:17:31 (3013 turns).

HypnoRock the Chopper (Demonspawn Gladiator)        Turns: 3013, Time: 00:17:31

Health: 0/33       AC:  4    Str: 15    XL:     4   Next: 31%
Magic:  3/4        EV: 13    Int: 10    God:
Gold:   135        SH:  0    Dex: 14    Spells: 3/3 levels left

rFire    . . .     SeeInvis .   a - +0 war axe
rCold    . . .     Gourm    .   (no shield)
rNeg     . . .     Faith    .   b - +0 leather armour
rPois    .         Spirit   +   c - +0 helmet
rElec    .         Reflect  .   (no cloak)
rCorr    .         Harm     .   (no gloves)
MR       .....                  (no boots)
Stlth    +.........             (no amulet)
HPRegen  0.11/turn              (no ring)
MPRegen  0.09/turn              (no ring)

@: lethally poisoned (0 -> -32)
A: powered by death 1, magic shield
a: no special abilities


You were on level 3 of the Dungeon.
You were hungry.

You visited 1 branch of the dungeon, and saw 3 of its levels.

You collected 135 gold pieces.

Inventory:

Hand Weapons
 a - a +0 war axe (weapon)
 n - a +0 mace
 s - a +0 whip
 v - a +1 hand axe of chopping
Missiles
 d - 3 throwing nets
 g - 148 stones (quivered)
Armour
 b - a +0 leather armour (worn)
 c - a +0 helmet (worn)
Wands
 r - a wand of disintegration (11)
Scrolls
 e - 2 scrolls of fog {unknown}
 h - 2 scrolls of identify {unknown}
 i - a scroll of fear {unknown}
 k - a scroll of enchant weapon {unknown}
 l - a scroll of remove curse {unknown}
 p - 2 scrolls of teleportation {unknown}
 t - a scroll of amnesia {unknown}
 u - a scroll of enchant armour {unknown}
Potions
 j - a potion of haste {unknown}
 m - a potion of flight {unknown}
 o - a potion of agility {unknown}
 q - a potion of might {unknown}
 x - a potion of curing {unknown}
Comestibles
 f - 3 rations


   Skills:
 - Level 2.0 Fighting
 + Level 4.5 Axes
 - Level 1.7 Throwing
 - Level 3.0 Dodging


You had 3 spell levels left.
You didn't know any spells.

Dungeon Overview and Level Annotations

Branches:
Dungeon (3/15)

Altars:
Makhleb


Innate Abilities, Weirdness & Mutations

You regenerate a little health from kills.
When hurt, damage is shared between your health and your magic reserves.


Message History

You hit Robin.
Robin is almost dead.
You feel sick.
The hobgoblin no longer looks unusually strong.
Robin hits you with a whip of venom.
You are more poisoned.
Robin misses you.
You hit Robin but do no damage.
Robin is almost dead.
* * * LOW HITPOINT WARNING * * *
You feel very sick.
Robin roars a battlecry!
The hobgoblin goes into a battle-frenzy!
You hear a shout!
You hit Robin.
You kill Robin!
* * * LOW HITPOINT WARNING * * *
You feel very sick.
You barely miss the hobgoblin.
You die...

### #.## #. #..
...g. #. ... ...#.
#.# # #>#gg..g.
###.###.##.#g..g..
.........g....g..
#..# #)#
#####..#####g#
#.........@gg#
###..##..##(####
#........##.#
#.#..##..##.#
#.#..##...#.#
###....##.#.#.#
#.........#.#.#
#.#.#.###.#.#.# #
#<......#.#.#


You could see 2 hobgoblins and a goblin.

Vanquished Creatures
  Robin (D:3)
  3 adders (D:2)
  2 giant cockroaches (D:2)
  9 hobgoblins
  6 kobolds (D:1)
  2 quokkas (D:2)
  6 bats
  3 frilled lizards
  11 goblins
  3 rats (D:1)
46 creatures vanquished.

Notes
Turn   | Place    | Note
-------+----------+-------------------------------------------
     0 | D:1      | HypnoRock the Demonspawn Gladiator began the quest for the Orb.
     0 | D:1      | Reached XP level 1. HP: 16/16 MP: 1/1
   430 | D:1      | Reached skill level 3 in Axes
   430 | D:1      | Gained mutation: When hurt, damage is shared between your health and your magic reserves. [demonic ancestry]
   430 | D:1      | Reached XP level 2. HP: 22/22 MP: 2/2
   529 | D:1      | You fall through a shaft!
   535 | D:2      | Found a burning altar of Makhleb.
  1211 | D:1      | Reached XP level 3. HP: 22/27 MP: 3/3
  2055 | D:2      | Reached skill level 4 in Axes
  2536 | D:2      | Gained mutation: You regenerate a little health from kills. [demonic ancestry]
  2536 | D:2      | Reached XP level 4. HP: 16/33 MP: 1/4
  2985 | D:3      | Noticed Robin
  3012 | D:3      | Killed Robin
  3013 | D:3      | Succumbed to Robin's poison

Skill      XL: |  1  2  3 |
---------------+----------+-----
Dodging        | 3 |  3.0
Axes           | 3 4 |  4.5
Fighting       | |  2.0
Throwing       | |  1.7

Action                   |  1- 3 |  4- 6 || total
-------------------------+-------+-------++-------
Melee: War axe           |   131 |    27 ||   158
Throw: Stone             |    12 |       ||    12
  Use: Scroll            |     1 |       ||     1
 Stab: Sleeping          |     1 |       ||     1
  Eat: Chunk             |     5 |     1 ||     6
Armor: Leather armour    |    44 |    10 ||    54
Dodge: Dodged            |   137 |    18 ||   155
